 Dungeon Crawl Stone Soup version 0.18.1-6-gd335043 (webtiles) character file.

1888 PossumBlood the Fighter (level 8, -5/81 HPs)
             Began as a Minotaur Fighter on May 15, 2016.
             Was a Believer of Okawaru.
             Killed from afar by an electric eel (13 damage)
             ... with a bolt of electricity
             ... on level 6 of the Dungeon.
             The game lasted 00:12:07 (7112 turns).

PossumBlood the Fighter (Minotaur Fighter)          Turns: 7112, Time: 00:12:08

Health: -5/81      AC: 13    Str: 22    XL:     8   Next: 92%
Magic:  7/7        EV:  4    Int:  5    God:    Okawaru [**....]
Gold:   272        SH:  9    Dex: 11    Spells: 0 memorised, 7 levels left

rFire  . . .     SeeInvis .     a - +0 war axe
rCold  . . .     Gourm    .     z - +0 plate armour
rNeg   . . .     Faith    .     c - +0 shield
rPois  .         Spirit   .     (helmet restricted)
rElec  .         Dismiss  .     (no cloak)
rCorr  +         Reflect  .     w - +1 pair of gloves
SustAt .         Harm     .     (no boots)
MR     .....                    (no amulet)
Stlth  ..........               t - ring of stealth
                                k - ring of resist corrosion

@: about to teleport, not resistant to hostile enchantments, extremely
unstealthy
A: retaliatory headbutt, horns 2
a: Heroism, Renounce Religion


You were on level 6 of the Dungeon.
You worshipped Okawaru.
Okawaru was pleased with you.
You were not hungry.

You visited 1 branch of the dungeon, and saw 6 of its levels.

You collected 272 gold pieces.

Inventory:

Hand Weapons
 a - a +0 war axe (weapon)
Missiles
 n - 8 tomahawks (quivered)
Armour
 c - a +0 shield (worn)
 w - a +1 pair of gloves (worn)
 z - a +0 plate armour (worn)
Jewellery
 k - a ring of resist corrosion (left hand)
 t - a ring of stealth (right hand)
Wands
 o - a wand of flame (42/48)
 u - a wand of polymorph (11/24)
Scrolls
 f - a scroll of amnesia {unknown}
 h - 3 scrolls of teleportation
 l - 2 scrolls of remove curse
 r - 2 scrolls of recharging
 x - 5 scrolls of identify
 y - 2 scrolls of immolation {unknown}
Potions
 d - a potion of flight {unknown}
 e - 2 potions of magic
 i - a potion of agility
 j - a potion of haste {unknown}
 m - a potion of cure mutation {unknown}
 q - 2 potions of mutation {unknown}
 s - 2 potions of invisibility {unknown}
 v - a potion of curing {unknown}
Books
 A - a book of Transfigurations

   Spells                             Type                      Level
   a - Irradiate                      Conjuration/Transmutation    5
   b - Statue Form                    Transmutation/Earth          6
   c - Hydra Form                     Transmutation                6
   d - Dragon Form                    Transmutation                7
Comestibles
 b - 2 fruits
 g - 2 meat rations
 p - 3 beef jerkies


   Skills:
 - Level 10.6 Fighting
 * Level 9.8 Axes
 - Level 3.6 Armour
 - Level 3.6 Shields


You had 7 spell levels left.
You didn't know any spells.

Dungeon Overview and Level Annotations

Branches:
Dungeon (6/15)             Temple (0/1) D:4

Altars:
Dithmenos
Okawaru
Pakellas
Trog
Xom
The Shining One

Shops:
D:4 (   D:5 :


Innate Abilities, Weirdness & Mutations

You reflexively headbutt those who attack you in melee.
You have a pair of horns on your head.


Message History

You hit the electric eel.
The electric eel is lightly wounded.
The electric eel shoots out a bolt of lightning at you!
The bolt of electricity hits you!
* * * LOW HITPOINT WARNING * * *
The electric eel shoots out a bolt of lightning at you!
The bolt of electricity hits you!
* * * LOW HITPOINT WARNING * * *
Drink which item? (? for menu, Esc to quit)
Okay, then.
Your unstable footing causes you to fumble your attack.
The electric eel shoots out a bolt of lightning at you!
The bolt of electricity hits you!
* * * LOW HITPOINT WARNING * * *
Read which item? (? for menu, Esc to quit)
As you read the scroll of teleportation, it crumbles to dust.
You feel strangely unstable.
The electric eel shoots out a bolt of lightning at you!
The bolt of electricity hits you!
You die...

# # #
#######################
......................##
....................../.
........................
≈≈....≈≈≈...≈..≈..≈≈≈≈≈.
≈≈≈≈≈≈≈≈≈≈≈≈≈≈≈≈@;≈≈≈≈≈≈
≈≈≈≈≈≈≈≈≈≈≈≈≈≈≈≈≈;≈≈≈≈≈≈
≈≈≈≈≈≈≈≈≈≈≈≈#####≈≈≈≈≈≈≈
############# ≈≈≈≈≈≈≈
≈≈≈≈≈≈≈ ≈≈≈≈≈≈≈ ≈≈≈≈≈≈≈
≈≈≈≈≈≈#


You could see 2 electric eels.

Vanquished Creatures
  Prince Ribbit (D:5)
  Menkaure (D:4)
  A water moccasin (D:6)
  2 sky beasts (D:5)
  An orc warrior (D:6)
  A phantom (D:4)
  An ogre (D:3)
  A centaur (D:5)
  A howler monkey (D:5)
  A giant frog zombie (D:6)
  2 crimson imps
  A hound (D:4)
  4 orc priests
  2 giant frog skeletons (D:6)
  A gnoll shaman (D:5)
  5 iguanas
  2 orc wizards (D:4)
  A worker ant (D:4)
  A hound skeleton (D:5)
  A worker ant zombie (D:5)
  10 gnolls
  A river rat (D:3)
  11 adders
  An ooze (D:4)
  An adder skeleton (D:4)
  An adder zombie (D:5)
  6 worms
  A dart slug (D:2)
  6 giant geckos
  17 orcs
  8 giant cockroaches
  6 goblins
  6 hobgoblins
  7 jackals (D:4)
  3 quokkas
  7 bats
  6 giant newts
  14 kobolds
  7 rats
150 creatures vanquished.

Vanquished Creatures (others)
  A wolf spider (D:4)
1 creature vanquished.

Grand Total: 151 creatures vanquished

Notes
Turn   | Place    | Note
--------------------------------------------------------------
     0 | D:1      | PossumBlood the Minotaur Fighter began the quest for the Orb.
     0 | D:1      | Reached XP level 1. HP: 19/19 MP: 0/0
    71 | D:1      | Reached skill level 4 in Fighting
    85 | D:1      | Reached XP level 2. HP: 25/27 MP: 1/1
   539 | D:2      | Reached skill level 5 in Fighting
   556 | D:2      | Reached XP level 3. HP: 36/36 MP: 2/2
   607 | D:2      | Found a glowing golden altar of the Shining One.
   981 | D:2      | Reached skill level 6 in Fighting
   981 | D:2      | Reached XP level 4. HP: 36/44 MP: 3/3
  1690 | D:3      | Found a shimmering altar of Xom.
  1758 | D:3      | Reached XP level 5. HP: 51/51 MP: 4/4
  1820 | D:3      | Noticed an ogre
  1826 | D:3      | Killed an ogre
  1826 | D:3      | Reached skill level 7 in Fighting
  2146 | D:3      | Reached skill level 8 in Fighting
  2380 | D:3      | Reached XP level 6. HP: 42/61 MP: 5/5
  2652 | D:4      | Found an iron altar of Okawaru.
  2674 | D:4      | Became a worshipper of Warmaster Okawaru
  2698 | D:4      | Found Poeseuc's Weapon Emporium.
  2759 | D:4      | Reached skill level 9 in Fighting
  2959 | D:4      | Found a staircase to the Ecumenical Temple.
  2989 | D:4      | Found a shadowy altar of Dithmenos.
  3010 | D:4      | Reached XP level 7. HP: 42/71 MP: 6/6
  3238 | D:4      | Reached skill level 10 in Fighting
  3324 | D:4      | Noticed a moth of wrath
  3327 | D:4      | Found a bloodstained altar of Trog.
  3423 | D:4      | Found an oddly glowing altar of Pakellas.
  3423 | D:4      | Noticed a wolf spider
  3431 | D:4      | Killed a wolf spider
  3447 | D:4      | Noticed Menkaure
  3453 | D:4      | Killed Menkaure
  3453 | D:4      | Reached * piety under Okawaru
  3947 | D:5      | Entered Level 5 of the Dungeon
  4007 | D:5      | Noticed Prince Ribbit
  4038 | D:5      | HP: 2/73 [centaur (3)]
  4617 | D:5      | Reached skill level 5 in Axes
  4796 | D:5      | Reached XP level 8. HP: 42/81 MP: 4/7
  5164 | D:5      | Killed Prince Ribbit
  5362 | D:5      | Found Siejeng Hixe's Book Shoppe.
  5390 | D:5      | Reached ** piety under Okawaru
  6260 | D:6      | HP: 4/81 [poisoned by a water moccasin]
  6266 | D:6      | HP: 4/81 [poisoned by a water moccasin]
  6274 | D:6      | HP: 4/81 [poisoned by a water moccasin]
  7112 | D:6      | Killed from afar by an electric eel

Skill      XL: |  1  2  3  4  5  6  7  8 |
---------------+-------------------------+-----
Fighting       | 4 5 6 8 9 10 | 10.6
Axes           | 5 9 |  9.8
Armour         | |  3.6
Shields        | |  3.6

Action                   |  1- 3 |  4- 6 |  7- 9 || total
-------------------------+-------+-------+-------++-------
Melee: War axe           |    80 |   175 |   205 ||   460
       Headbutt          |    10 |    27 |    40 ||    77
Invok: Heroism           |       |       |     2 ||     2
  Use: Scroll            |       |     7 |     3 ||    10
       Potion            |       |     1 |       ||     1
  Eat: Bread ration      |       |     2 |     2 ||     4
       Royal jelly       |       |       |     1 ||     1
       Fruit             |       |       |     1 ||     1
Armor: Scale mail        |    47 |    80 |    89 ||   216
       Plate armour      |       |       |     4 ||     4
Dodge: Dodged            |    22 |    59 |    71 ||   152
Block: Shield            |    51 |    90 |   112 ||   253
